Map: World of Sleepers LE

Players

Greppi - Winner!

  • Race: Protoss Protoss
  • League: Master
  • Spawn Location: 1:00

Mez

  • Race: Terran Terran
  • League: Master
  • Spawn Location: 7:00

VOD

Have the link to the VOD?

Description

Time

  • Played on: Aug. 21, 2019, 5:16 p.m.
  • Length: 15:38
Show
View Real Time Build Order
Export as new Build Order

Greppi Protoss - Winner!

Build Orders: 1 Gate Expand 

Get SALT Encoding   

  12  0:01  Probe  
  13  0:13  Probe  
  14  0:17  Pylon  
  14  0:23  Probe  
  15  0:31  Probe  
  16  0:37  Gateway  
  16  0:39  Probe  
  16  0:46  Assimilator  
  17  0:51  Probe  
  18  1:03  Probe  
  19  1:20  Nexus  
  19  1:23  Probe  
  20  1:35  Cybernetics Core  
  20  1:37  Probe  
  21  1:43  Pylon  
  21  1:51  Probe  
  21  1:53  Assimilator  
  22  2:01  Stalker  
  22  2:03  Probe  
  23  2:11  Warp Gate  
  23  2:15  Probe  
  26  2:27  Probe, Sentry  
  27  2:30  Pylon  
  27  2:33  Probe  
  30  2:39  Probe  
  30  2:41  Probe  
  31  2:47  Stalker  
  31  2:51  Probe x2  
  36  2:58  Twilight Council  
  36  3:03  Probe  
  36  3:04  Probe  
  38  3:15  Probe  
  38  3:16  Probe  
  38  3:19  Charge  
  40  3:24  Probe  
  40  3:28  Probe  
  40  3:32  Probe  
  42  3:40  Probe  
  42  3:41  Probe, Nexus  
  44  3:42  Pylon  
  45  3:52  Gateway, Probe  
  46  3:57  Probe  
  47  4:04  Probe  
  47  4:08  Forge  
  47  4:09  Probe  
  49  4:10  Protoss Ground Armor Level 1  
  49  4:16  Gateway, Probe  
  50  4:19  Pylon  
  50  4:20  Gateway  
  50  4:21  Probe  
  50  4:22  Gateway  
  51  4:28  Probe  
  52  4:31  Pylon  
  52  4:33  Probe  
  53  4:40  Gateway  
  53  4:41  Gateway  
  53  4:43  Gateway  
  54  4:45  Probe  
  54  4:47  Probe  
  54  4:51  Gateway  
  55  4:54  Probe  
  55  4:57  Probe  
  55  4:58  Zealot  
  59  5:06  Zealot  
  61  5:09  Pylon  
  61  5:10  Probe x2  
  61  5:11  Probe  
  64  5:17  Pylon  
  64  5:20  Zealot x2  
  64  5:21  Blink, Zealot x2  
  72  5:29  Gateway  
  72  5:37  Zealot  
  72  5:38  Zealot x2  
  78  5:43  Probe  
  78  5:44  Probe x2  
  81  5:50  Pylon  
  81  5:53  Zealot x2  
  84  5:59  Zealot  
  84  6:00  Zealot  
  88  6:07  Zealot x2  
  88  6:08  Zealot  
  88  6:09  Protoss Ground Armor Level 2  
  94  6:12  Probe  
  94  6:13  Zealot, Probe x2  
  94  6:14  Zealot  
  94  6:16  Nexus  
  101  6:28  Zealot x4  
  101  6:29  Zealot x2  
  101  6:32  Probe x3  
  116  6:44  Probe  
  117  6:47  Pylon  
  117  6:48  Pylon  
  117  6:50  Pylon  
  117  6:51  Pylon  
  117  6:54  Forge, Assimilator  
  117  6:57  Assimilator  
  117  7:07  Zealot x5  
  117  7:08  Zealot x3  
  133  7:18  Probe x2  
  133  7:19  Probe  
  136  7:25  Protoss Ground Weapons Level 1  
  136  7:30  Probe  
  136  7:31  Zealot x3  
  136  7:32  Zealot x6  
  136  7:34  Probe  
  136  7:35  Probe  
  136  7:36  Probe  
  158  7:45  Assimilator  
  158  7:47  Probe  
  158  7:48  Probe, Assimilator  
  158  7:51  Templar Archives  
  158  7:53  Robotics Facility, Assimilator  
  158  7:54  Probe x2  
  158  7:56  Assimilator  
  160  8:00  Probe x2  
  162  8:08  Zealot  
  162  8:12  Pylon  
  164  8:14  Pylon  
  164  8:16  Psionic Storm, Pylon, Protoss Ground Armor Level 3  
  164  8:29  Probe x2  
  164  8:31  Stalker  
  164  8:32  Stalker x5  
  164  8:33  Stalker  
  171  8:40  Stalker x3  
  177  8:45  Pylon  
  177  8:46  Observer  
  177  8:47  Photon Cannon  
  177  8:55  Robotics Bay  
  178  9:00  Probe x3  
  178  9:02  Robotics Facility  
  181  9:04  Robotics Facility  
  181  9:09  Photon Cannon  
  181  9:11  Photon Cannon  
  181  9:18  High Templar x3  
  181  9:20  Zealot x3, High Templar  
  195  9:27  Photon Cannon  
  195  9:28  Photon Cannon  
  195  9:32  Protoss Ground Weapons Level 2  
  195  9:33  Gravitic Boosters  
  195  10:03  Pylon  
  195  10:05  Robotics Facility  
  195  10:06  Pylon  
  195  10:14  Nexus  
  195  10:15  Dark Shrine  
  195  10:18  Unknown  
  195  10:19  Pylon  
  195  10:20  Pylon  
  195  10:25  Photon Cannon  
  195  10:27  Photon Cannon  
  195  10:30  Extended Thermal Lance  
  195  10:31  Nexus  
  195  10:32  Pylon  
  195  10:36  Assimilator  
  195  10:40  Assimilator  
  185  11:24  Colossus x2  
  193  11:33  Colossus  
  193  11:34  Colossus  
  193  11:38  Protoss Ground Weapons Level 3  
  169  11:43  Protoss Shields Level 1  
  143  11:47  High Templar  
  143  11:48  Zealot, High Templar x2  
  143  11:49  Zealot x6  
  145  12:01  Colossus  
  145  12:05  Gateway  
  145  12:06  Gateway  
  145  12:08  Colossus  
  133  12:11  Colossus  
  133  12:12  Colossus  
  129  12:16  Probe x3  
  129  12:17  Probe  
  129  12:19  Probe  
  146  12:26  Zealot  
  146  12:27  Zealot x3  
  166  12:35  Stalker x2  
  170  12:37  Stalker  
  170  12:42  Stalker  
  170  12:43  Stalker  
  176  12:53  Colossus  
  182  12:58  Stalker x2  
  182  12:59  Stalker x3  
  182  13:00  Stalker  
  182  13:01  Colossus  
  200  13:17  Gateway  
  200  13:18  Gateway  
  200  13:20  Gateway  
  200  13:23  Pylon  
  200  13:25  Pylon  
  200  13:28  Gateway  
  200  13:30  Gateway  
  200  13:31  Gateway  
  200  13:33  Gateway  
  200  13:36  Gateway  
  122  14:32  Stalker x3  
  122  14:33  Stalker x6  
  122  14:34  Stalker x6  
  122  14:35  Stalker x5  
  162  14:39  Probe  
  162  14:40  Probe x4  
  162  14:41  Probe  
  168  14:55  Stalker x3  
  168  14:56  Stalker x3  
  180  15:02  High Templar x4  
  180  15:03  High Templar  
  180  15:05  High Templar  
  192  15:08  High Templar  
  181  15:24  Stalker x5  
  181  15:25  Stalker x2  
Show
View Real Time Build Order
Export as new Build Order

Mez Terran 

Build Orders: Reaper Expand 

Get SALT Encoding   

  12  0:00  SCV  
  13  0:13  SCV  
  14  0:17  Supply Depot  
  14  0:25  SCV  
  15  0:38  SCV  
  15  0:39  Barracks  
  16  0:44  Refinery  
  16  0:51  SCV  
  17  1:03  SCV  
  18  1:15  SCV  
  19  1:27  Orbital Command, Reaper  
  20  1:40  Command Center  
  20  1:48  Bunker  
  20  1:53  SCV  
  21  1:59  Marine  
  22  2:11  Supply Depot  
  22  2:12  SCV  
  23  2:18  Barracks Reactor  
  23  2:32  SCV  
  24  2:40  Command Center  
  24  2:43  Factory  
  24  2:45  SCV  
  25  2:52  Orbital Command  
  25  2:55  Marine x2  
  27  3:03  SCV  
  28  3:08  Refinery  
  28  3:13  Marine x2  
  28  3:15  SCV  
  28  3:19  SCV  
  32  3:27  SCV  
  32  3:28  Widow Mine  
  32  3:29  Starport  
  32  3:31  SCV  
  36  3:38  Marine x2  
  38  3:42  SCV  
  38  3:43  SCV  
  40  3:49  Factory Tech Lab  
  40  3:53  Orbital Command  
  40  3:56  SCV x2  
  40  4:00  Refinery  
  42  4:05  Marine x2  
  42  4:07  Starport Tech Lab  
  42  4:08  Siege Tank  
  47  4:16  Barracks, SCV  
  47  4:17  SCV  
  49  4:26  SCV  
  49  4:28  Barracks  
  49  4:29  SCV x2  
  49  4:30  Marine x2  
  54  4:35  Raven  
  56  4:40  SCV  
  56  4:41  SCV  
  58  4:48  Engineering Bay  
  58  4:49  Engineering Bay  
  58  4:51  Marine x2  
  58  4:52  SCV  
  61  4:55  Factory Reactor  
  61  4:57  Refinery  
  61  5:05  Supply Depot  
  61  5:12  SCV x3  
  64  5:20  Stimpack  
  63  5:21  Marine x2  
  63  5:23  Terran Infantry Weapons Level 1  
  63  5:24  SCV x2  
  63  5:25  Starport Reactor  
  63  5:26  SCV  
  70  5:30  Supply Depot  
  70  5:31  Combat Shield  
  70  5:32  Supply Depot  
  70  5:33  Marine  
  70  5:35  Marine  
  70  5:36  Terran Infantry Armor Level 1  
  70  5:39  Marine  
  70  5:40  SCV x2  
  74  5:43  Orbital Command  
  74  5:49  Factory Reactor  
  74  5:52  SCV x2  
  74  5:56  Marauder, Marine  
  74  5:57  Marauder  
  80  6:01  Barracks  
  80  6:04  Supply Depot x2, Barracks, SCV x2  
  81  6:08  SCV  
  82  6:16  SCV x2  
  84  6:20  Supply Depot x2  
  84  6:21  SCV  
  84  6:22  Supply Depot, Marine x2  
  87  6:25  Medivac  
  87  6:26  Medivac  
  87  6:28  SCV x2  
  87  6:29  Marine  
  94  6:34  SCV  
  95  6:40  SCV x2  
  95  6:41  Widow Mine x2  
  95  6:44  Supply Depot  
  101  6:47  SCV  
  101  6:48  Supply Depot  
  101  6:49  Marauder, Marine x3  
  101  6:50  Marauder, Marine  
  101  6:52  Barracks Tech Lab, SCV  
  111  6:57  Armory  
  111  6:58  SCV  
  111  6:59  SCV  
  113  7:02  Supply Depot  
  113  7:15  Supply Depot  
  113  7:18  Marauder, Marine x2  
  113  7:19  Marauder, Marine x3  
  122  7:23  SCV x2  
  124  7:31  Medivac x2  
  124  7:33  Widow Mine x2  
  124  7:36  Marine x2  
  134  7:37  Marauder  
  134  7:40  Marauder  
  134  7:43  Concussive Shells  
  137  7:44  Terran Infantry Armor Level 2, Terran Infantry Weapons Level 2  
  137  7:48  Barracks x2  
  137  7:50  Barracks  
  137  7:53  Marauder, Marine x2  
  137  7:54  Marine  
  137  7:56  Refinery  
  137  7:57  Refinery  
  137  7:58  Supply Depot  
  142  7:59  Marauder  
  144  8:05  Medivac  
  144  8:06  Medivac  
  144  8:10  Ghost Academy  
  147  8:19  Command Center  
  147  8:27  Marauder x2, Marine x3  
  147  8:28  Marauder, Marine  
  157  8:37  Barracks Tech Lab  
  157  8:38  Barracks Tech Lab x2  
  157  8:45  Marine x2  
  157  8:48  Ghost x3  
  159  8:54  Supply Depot  
  159  8:55  Supply Depot  
  165  8:57  Supply Depot  
  165  9:07  Widow Mine x2, Medivac x2, Terran Ship Weapons Level 1  
  165  9:08  Starport  
  173  9:37  Ghost x2  
  171  9:38  Ghost  
  171  9:39  Ghost, Marine x4  
  171  9:40  Marine x2  
  171  9:44  Command Center  
  179  9:54  Command Center  
  179  9:57  Planetary Fortress, Marine x3  
  181  10:00  Unknown  
  181  10:01  Sensor Tower  
  181  10:08  Ghost x2  
  185  10:32  Starport Tech Lab  
  185  10:34  Terran Infantry Weapons Level 3  
  179  10:36  Fusion Core  
  179  10:38  Marine x10  
  189  10:53  Liberator  
  189  10:56  Marine  
  190  11:07  Liberator x2  
  190  11:09  Ghost x3  
  188  11:36  Liberator  
  188  11:37  Marauder, Marine x4  
  188  11:38  Marauder x3, Marine  
  171  11:47  Enhanced Shockwaves  
  171  11:51  Orbital Command  
  171  11:52  Liberator  
  157  12:07  Ghost  
  157  12:08  Liberator, Ghost x3, Marine  
  166  12:18  Liberator  
  166  12:19  SCV x4  
  173  12:31  Ghost, SCV x3  
  181  12:41  Planetary Fortress  
  181  12:47  Liberator, Refinery  
  181  12:49  Missile Turret  
  181  12:50  Planetary Fortress  
  181  12:51  Liberator  
  181  12:55  Missile Turret  
  181  12:56  Missile Turret  
  181  13:05  Liberator  
  187  13:17  Sensor Tower, Refinery  
  187  13:18  Refinery, SCV x5  
  187  13:19  Missile Turret  
  192  13:23  Advanced Ballistics  
  129  14:17  Viking x3  
  130  14:26  Marauder, Marine x5  
  130  14:27  Marauder x4  
  126  14:36  SCV x5  
  131  14:44  Marine x2  
  131  14:45  Marauder  
  135  14:47  Viking  
  135  14:48  Marauder, SCV x2  
  141  14:54  Starport  
  141  14:55  Starport x2  
  141  15:05  Command Center  
  141  15:07  Viking x2  
  141  15:11  Command Center  
Tags
 
Add a new tag
Caveats
  • Supply blocks, unpowered buildings, or Contaminate may cause inaccurate times.
  • Supply counts are checked every 10 seconds.